 Dungeon Crawl Stone Soup version 0.27-a0-972-gd1521fd518 (webtiles) character file.

Game seed: 2924119371030614325

88 robertstho the Magician (level 4, -4/32 HPs)
             Began as a Djinni Fire Elementalist on Apr 13, 2021.
             Slain by an iguana (6 damage)
             ... on level 3 of the Dungeon.
             The game lasted 00:03:33 (2476 turns).

robertstho the Magician (Djinni Fire Elementalist)  Turns: 2476, Time: 00:03:33

Health: -4/32      AC:  2    Str:  6 (7)  XL:     4   Next: 54%
Gold:   76         EV: 12    Int: 14 (17) God:
                   SH:  0    Dex: 14

rFire    + + .     SeeInvis .   c - +3 dagger
rCold    x . .     Faith    .   (no shield)
rNeg     . . .     Spirit   .   a - +0 robe
rPois    ∞         Reflect  .   (no helmet)
rElec    .         Harm     .   (no cloak)
rCorr    .         Rampage  .   (no gloves)
Will     .....                  (boots unavailable)
Stlth    ++........             (no amulet)
HPRegen  0.10/turn              (no ring)
MPRegen  0.00/turn              (no ring)

@: mighty, flying
A: fire resistance 2, cold vulnerability 1, float, innate caster, hp casting,
extra vitality 1
a: no special abilities


You were on level 3 of the Dungeon.
You visited 1 branch of the dungeon, and saw 3 of its levels.

You collected 76 gold pieces.

Inventory:

Hand Weapons
 c - a +3 dagger (weapon)
Armour
 a - a +0 robe (worn)
Potions
 e - a potion of degeneration


   Skills:
 * Level 1.3 Fighting
 + Level 2.3 Dodging
 + Level 1.7 Stealth
 * Level 4.0 Spellcasting


You couldn't memorise any spells.
You knew the following spells:

 Your Spells              Type           Power      Damage    Failure   Level
a - Foxfire               Conj/Fire      56%        2x1d6     3%          1
b - Conjure Flame         Conj/Fire      14%        6-21      11%         3
c - Inner Flame           Hex/Fire       14%        N/A       11%         3
d - Sticky Flame          Conj/Fire      14%        2d4       34%         4
e - Fireball              Conj/Fire      7%         3d5       69%         5
f - Freeze                Ice            56%        1d7       3%          1
Your spell library was empty.

Dungeon Overview and Level Annotations

Branches:
Dungeon (3/15)

Altars:


Innate Abilities, Weirdness & Mutations

You are immune to poison.
Your flesh is very heat resistant. (rF++)
You are vulnerable to cold. (rC-)
You float through the air rather than walking.
You learn spells naturally, not from books.
Your magical power is your life essence.
You have superior vitality. (+4 HP)


Message History

The iguana barely misses you.
Your magical contamination has completely faded away.
The iguana bites you.
* * * LOW HITPOINT WARNING * * *
You aren't carrying any scrolls.
Unknown command.
Okay, then.
Sorry, you're not good enough to have a special ability.
Terence the Incautious comes into view.
He is wielding a +0 short sword.
Terence shouts!
Casting: Foxfire (safe; 4% risk of failure)
Confirm with . or Enter, or press ? or * to list all spells.
You conjure some foxfire!
* * * LOW HITPOINT WARNING * * *
The foxfire hits the iguana.
The iguana is lightly wounded.
The foxfire hits Terence but does no damage.
Unknown command.
A frilled lizard comes into view.
Terence hits you with a +0 short sword!
* * * LOW HITPOINT WARNING * * *
You puncture Terence!
Terence is heavily wounded.
The iguana closely misses you.
An endoplasm comes into view.
Terence shouts, "Now you die!" Terence barely misses you.
You puncture Terence!
You kill Terence!
The iguana bites you.
* * * LOW HITPOINT WARNING * * *
You feel your dexterity returning.
Your Spellcasting skill increases to level 4!
Things that are here:
a +0 short sword; a +0 ring mail The frilled lizard barely misses you.
You hit the frilled lizard.
You kill the frilled lizard!
The iguana bites you.
You die...

.. ##.#.######......
## #............###
###.######..## ## #.#
#..# ... #.# #..#
.... #.######..#
..... #.........#
......############.##
.....J.@l..........#
......##############
..... .... ###


You could see an iguana and an endoplasm.

Vanquished Creatures
  Terence (D:3)
  An adder (D:2)
  2 worms (D:2)
  A dart slug (D:2)
  4 endoplasms
  2 giant cockroaches (D:2)
  5 goblins
  4 hobgoblins
  4 jackals (D:2)
  2 quokkas (D:2)
  7 ball pythons
  3 bats
  2 frilled lizards
  4 kobolds
  2 rats (D:2)
44 creatures vanquished.

Vanquished Creatures (others)
  141 foxfires
141 creatures vanquished.

Grand Total: 185 creatures vanquished

Notes
Turn   | Place    | Note
-------+----------+-------------------------------------------
     0 | D:1      | robertstho the Djinni Fire Elementalist began the quest for
                  | the Orb.
     0 | D:1      | Reached XP level 1. HP: 15/15 MP: 0/0
   252 | D:1      | Reached skill level 3 in Spellcasting
   252 | D:1      | Reached XP level 2. HP: 18/22 MP: 0/0
   551 | D:1      | Found a faded altar of an unknown god.
  1291 | D:2      | Reached skill level 1 in Fighting
  1319 | D:2      | Reached XP level 3. HP: 25/27 MP: 0/0
  1319 | D:2      | Learned a level 1 spell: Freeze
  1951 | D:2      | Reached XP level 4. HP: 28/32 MP: 0/0
  2466 | D:3      | Noticed Terence
  2473 | D:3      | Killed Terence
  2474 | D:3      | Reached skill level 4 in Spellcasting
  2476 | D:3      | Slain by an iguana

Illustrated notes

Levels and vault maps discovered:
D:1:      shiori_arrival_elements, layout_loops_ring,
          hellmonk_ecumenical_altar_zigzags
D:2:      layout_basic, minmay_misc_feat_iff
D:3:      layout_loops_ring, nicolae_tso_besieged_by_evil, grunt_ministairs_6,
          skrybe_limestone_x, uniq_terence, uniq_crazy_yiuf_cottage

Skill      XL: |  1  2  3  4 |
---------------+-------------+-----
Spellcasting   | 3 4 |  4.0
Fighting       | 1 |  1.3
Dodging        | |  2.3
Stealth        | |  1.7

Action                   |  1- 3 |  4- 6 || total
-------------------------+-------+-------++-------
Melee: Dagger            |       |     3 ||     3
 Cast: Foxfire           |    72 |    12 ||    84
  Use: Scroll            |     1 |     3 ||     4
       Potion            |       |     3 ||     3
Armor: Robe              |     6 |       ||     6
Dodge: Dodged            |     7 |     8 ||    15

Table legend: (Time is in decaauts)
 A = Elapsed time spent in this place.
 B = Non-inter-level travel time spent in this place.
 C = Inter-level travel time spent in this place.
 D = Time resting spent in this place.
 E = Time spent auto-exploring this place.
 F = Levels seen in this place.
 G = Mean time per level.
                   A        B        C        D        E       F      G
               +--------+--------+--------+--------+--------+-----+--------+
         Total |   2474 |   2420 |     54 |      8 |   2108 |   3 |  824.7 |
       Dungeon |   2474 |   2420 |     54 |      8 |   2108 |   3 |  824.7 |
               +--------+--------+--------+--------+--------+-----+--------+

Top non-repeatable levels by time:
     D:1: 1166 daAuts
     D:2: 1156 daAuts
     D:3: 151 daAuts
